 Dungeon Crawl Stone Soup version 0.19.0-2-gae57169 (webtiles) character file.

175676 pkoi the Severer (level 17, -2/142 (143) HPs)
             Began as a Minotaur Gladiator on Nov 4, 2016.
             Was the Champion of Okawaru.
             Killed by divine providence
             ... invoked by a smoke demon
             ... summoned by a deep elf mage
              (8 damage)
             ... on level 3 of the Elven Halls.
             The game lasted 01:15:02 (37038 turns).

pkoi the Severer (Minotaur Gladiator)              Turns: 37038, Time: 01:15:03

HP:   -2/142 (143)  AC: 17    Str: 28    XL:     17   Next: 48%
MP:   0/20          EV: 22    Int:  5    God:    Okawaru [******]
Gold: 2737          SH:  0    Dex: 11    Spells: 0 memorised, 16 levels left

rFire  . . .     SeeInvis .     a - +2 executioner's axe (freeze)
rCold  + . .     Gourm    .     C - +2 robe of Daisies {*Corrode rPois MR++ Regen+}
rNeg   + . .     Faith    .     (shield currently unavailable)
rPois  +         Spirit   +     O - +2 hat of the Bear Spirit {Spirit, +Rage rN+ MR++}
rElec  .         Reflect  .     s - +2 cloak
rCorr  .         Harm     .     X - +1 pair of gloves {Str+3}
MR     +++++                    x - +2 pair of boots {run}
Stlth  +.........               H - amulet of rage
                                L - ring of protection from cold
                                U - +3 ring of evasion

@: lethally poisoned (-2 -> -4), drained, quick
A: retaliatory headbutt, horns 2, clumsy 1, frail 1
a: Heroism, Finesse, Renounce Religion, Evoke Berserk Rage


You were on level 3 of the Elven Halls.
You worshipped Okawaru.
Okawaru was exalted by your worship.
You were very hungry.

You visited 7 branches of the dungeon, and saw 29 of its levels.
You visited the Abyss 1 time.
You also visited: Labyrinth and Ossuary.

You collected 2791 gold pieces.
You spent 54 gold pieces at shops.

Inventory:

Hand Weapons
 a - a +2 executioner's axe of freezing (weapon)
 b - a +3 broad axe of flaming
 Q - the +4 executioner's axe of the Endless March {holy, Dex+2}
   (You acquired it on level 7 of the Dungeon)

   It has been blessed by the Shining One to cause great damage to the undead
   and demons.
   It affects your dexterity (+2).
Missiles
 d - a throwing net
 p - 11 poisoned javelins
 D - 3 javelins (quivered)
 K - 8 silver javelins
Armour
 s - a +2 cloak (worn)
 x - a +2 pair of boots of running (worn)
 C - the +2 robe of Daisies (worn) {*Corrode rPois MR++ Regen+}
   (Okawaru gifted it to you on level 6 of the Lair of Beasts)

   It protects you from poison.
   It affects your resistance to hostile enchantments.
   It increases your rate of regeneration.
   It may corrode you when you take damage.
 O - the +2 hat of the Bear Spirit (worn) {Spirit, +Rage rN+ MR++}
   (You found it on level 14 of the Dungeon)

   It protects you from negative energy.
   It affects your resistance to hostile enchantments.
   It lets you go berserk.
 X - a +1 pair of gloves of strength (worn)
Jewellery
 B - an uncursed ring of protection from fire
 H - an amulet of rage (around neck)
 L - a ring of protection from cold (right hand)
 N - an uncursed ring of flight
 U - a +3 ring of evasion (left hand)
Wands
 F - a wand of digging (8/24)
 M - a wand of acid (12/15)
 S - a wand of disintegration (14/24)
 V - a wand of teleportation (2/9)
Scrolls
 c - a scroll of blinking
 e - 9 scrolls of remove curse
 l - 19 scrolls of identify
 o - 5 scrolls of fog
 q - a scroll of fear
 u - 4 scrolls of magic mapping
 w - 5 scrolls of amnesia
 y - 5 scrolls of teleportation
 z - 3 scrolls of enchant weapon
 E - a scroll of recharging
 G - 2 scrolls of enchant armour
 R - 2 scrolls of silence
Potions
 h - 10 potions of flight
 i - 5 potions of might
 k - 6 potions of heal wounds
 m - 12 potions of curing
 n - 6 potions of agility
 t - 5 potions of brilliance
 A - a potion of cancellation
 I - a potion of magic
 J - 2 potions of cure mutation {!q}
 W - 2 potions of haste
Comestibles
 f - 9 bread rations
 g - 16 meat rations
 j - 36 fruits
 r - a royal jelly
 v - 4 beef jerkies
 T - a slice of pizza


   Skills:
 + Level 16.3(16.1) Fighting
 + Level 20.4(20.1) Axes
 + Level 8.7(8.5) Throwing
 + Level 16.6(16.3) Armour
 - Level 14.3(14.0) Dodging
 + Level 5.6(5.3) Invocations
 + Level 5.1(4.9) Evocations


You had 16 spell levels left.
You didn't know any spells.

Dungeon Overview and Level Annotations

Branches:
Dungeon (15/15)            Temple (1/1) D:4            Lair (6/6) D:10
  Swamp (1/4) Lair:2        Snake (0/4) Lair:4        Slime (0/5) Lair:5
    Orc (2/2) D:10            Elf (3/3) Orc:2        Vaults (0/5) D:14
 Depths (1/5) D:15

Altars:
Ashenzari
Cheibriados
Dithmenos
Elyvilon
Fedhas
Gozag
Hepliaklqana
Kikubaaqudgha
Makhleb
Nemelex Xobeh
Okawaru
Qazlal
Ru
Sif Muna
Trog
Uskayaw
Vehumet
Xom
Yredelemnul
Zin
The Shining One
Beogh
Jiyva

Shops:
D:4 *   D:8 [}   D:11 !   Orc:1 ?!   Orc:2 ?}*[

Portals:
Pandemonium: Orc:2
Bazaar: Orc:2

Annotations:
Elf:2 3 runed doors


Innate Abilities, Weirdness & Mutations

You reflexively headbutt those who attack you in melee.
You have a pair of horns on your head.
You are clumsy. (Dex -2)
You are frail. (-10% HP)


Message History

You furiously retaliate!
You headbutt the deep elf knight!
The deep elf mage mumbles some strange words.
Something hits you but does no damage.
The soul eater draws from the surrounding life force!
* * * LOW HITPOINT WARNING * * *
The soul eater is healed.
You closely miss the deep elf knight. The deep elf knight blocks your attack.
The deep elf knight is severely wounded.
You closely miss something. You slash the soul eater!
You freeze the soul eater.
You feel sick. Something hits you but does no damage.
The deep elf knight hits you with a short sword of venom!
* * * LOW HITPOINT WARNING * * *
The soul eater hits you!
* * * LOW HITPOINT WARNING * * *
You partially resist.
You feel drained.
* * * LOW HITPOINT WARNING * * *
The smoke demon gestures at you. Something smites you!
You die...

#.......$...#
+...........#
#...........#
#........e3.#
#.........#
+.......# ...
#.e3..# ...
#@# .... #.#
... ###'###
..##.....# .
###.....##<.
#.......#...
#.(.....####
#.......#
##.....##


You could see a soul eater, a deep elf knight, a deep elf mage and a smoke
demon.

Vanquished Creatures
  Nikola (Elf:1)
  A bone dragon (Abyss:1)
  Rupert (Orc:2)
  Kirke (Lair:6)
  A fire giant (D:15)
  A frost giant (D:14)
  A cacodemon (Abyss:1)
  A draconian annihilator (Abyss:1)
  2 stone giants (D:15)
  A vampire knight (D:14)
  A deep elf demonologist (Elf:1)
  A minotaur (Lab)
  Josephine (Lair:5)
  An ettin (D:14)
  Fannar (D:11)
  An ice dragon (D:15)
  6 vault guards (D:14)
  Erica (Orc:1)
  4 hydras
  3 centaur warriors
  2 alligators (Swamp:1)
  11 dancing weapons
  8 starcursed masses (Abyss:1)
  2 tengu warriors
  7 death yaks
  Urug (Lair:2)
  The ghost of Firecrotchwizard the Basher, a novice MiFi of Hepliaklqana (D:7)
  An ogre mage (D:15)
  3 orc high priests (Orc:2)
  A thrashing horror (Abyss:1)
  A vampire mage (D:14)
  4 hell knights
  6 deep elf knights
  Sonja (D:15)
  An infernal demonspawn (Orc:2)
  A shadow wraith (Abyss:1)
  5 unseen horrors
  6 skeletal warriors
  A torturous demonspawn (Orc:2)
  A gelid demonspawn (Orc:2)
  A swamp dragon (Swamp:1)
  A shambling mangrove (Swamp:1)
  6 hill giants
  7 orc knights
  2 wizards (D:14)
  5 deep elf archers
  A necromancer (Depths:1)
  An ugly thing (D:11)
  13 orc sorcerers
  6 cyclopes
  A worldbinder (Abyss:1)
  35 deep elf magi
  An elephant (shapeshifter) (Elf:2)
  2 manticores
  A guardian serpent (Lair:4)
  4 black mambas
  2 naga magi (D:15)
  A rust devil (Orc:2)
  A smoke demon (Abyss:1)
  An apocalypse crab (Abyss:1)
  An orange demon (Orc:2)
  17 elephants (Lair:6)
  Joseph (D:10)
  11 spiny frogs
  A gargoyle (D:13)
  A hellwing (Orc:2)
  2 rime drakes
  2 red devils (Orc:2)
  3 tengu conjurers
  6 komodo dragons
  An ancient zyme (Abyss:1)
  4 meliai
  6 polar bears
  5 slime creatures
  3 tyrant leeches (Lair:2)
  4 two-headed ogres
  A two-headed ogre (shapeshifter) (D:14)
  A bog body (Swamp:1)
  8 hornets
  28 blink frogs
  7 dream sheep (Lair:5)
  A meliai zombie (D:12)
  A centaur simulacrum (D:15)
  6 large abominations (Abyss:1)
  15 hippogriffs
  A ynoxinul (Abyss:1)
  An air elemental (Elf:2)
  30 flying skulls
  A shadow (D:11)
  17 spriggans
  A wyvern (D:11)
  3 water elementals
  A redback (Lair:6)
  7 vampires (D:14)
  3 hogs
  A neqoxec (Abyss:1)
  6 wraiths
  2 basilisks
  44 yaks
  5 hungry ghosts
  3 fire elementals
  6 vampire mosquitoes
  A chaos spawn (Abyss:1)
  A mottled dragon (D:15)
  6 swamp worms
  18 wargs
  8 water moccasins
  9 porcupines
  3 phantoms
  4 ice beasts
  36 orc warriors
  3 sky beasts
  5 black bears
  2 necrophages
  6 boggarts
  15 ogres
  31 wolves
  6 centaurs
  13 crocodiles
  A big kobold (D:8)
  3 elf zombies (Ossuary)
  14 bullfrogs
  2 wyvern zombies
  A small abomination (Abyss:1)
  2 earth elementals
  5 scorpions
  A hornet simulacrum (D:15)
  6 killer bees
  2 vampire bats (D:6)
  14 wights
  A howler monkey (D:10)
  6 crimson imps
  6 centaur zombies
  A bullfrog zombie (D:10)
  2 quasits (D:9)
  3 hounds
  An iron imp (Abyss:1)
  5 jellies
  7 human zombies (D:14)
  29 orc priests
  4 bullfrog skeletons
  Crazy Yiuf (D:7)
  5 centaur skeletons
  Jessica (D:2)
  3 iguanas
  8 worker ants
  19 orc wizards
  A killer bee zombie (D:8)
  A big kobold zombie (Ossuary)
  A hound zombie (D:9)
  3 mummies
  A worker ant zombie (D:6)
  14 gnolls
  2 howler monkey skeletons
  9 adders
  7 shadow imps
  A white imp (Abyss:1)
  An ufetubus (Abyss:1)
  An adder zombie (Ossuary)
  2 worms
  2 dart slugs (D:1)
  5 leopard geckos
  83 orcs
  14 bats
  11 giant cockroaches
  4 goblins
  7 hobgoblins
  16 jackals
  13 kobolds
  9 quokkas
  6 frilled lizards
  2 goblin zombies (Ossuary)
  11 hobgoblin zombies (Ossuary)
  2 jackal zombies (Ossuary)
  8 kobold zombies (Ossuary)
  6 orc zombies (Ossuary)
  A quokka skeleton (D:4)
  A quokka zombie (D:9)
  8 rats
  2 rat zombies (Ossuary)
  A fungus (Lair:6)
  2 plants
1033 creatures vanquished.

Vanquished Creatures (others)
  2 deep elf magi (Elf:1)
  22 fungi
  12 plants
36 creatures vanquished.

Grand Total: 1069 creatures vanquished

Notes
Turn   | Place    | Note
-------+----------+-------------------------------------------
     0 | D:1      | pkoi the Minotaur Gladiator began the quest for the Orb.
     0 | D:1      | Reached XP level 1. HP: 18/18 MP: 0/0
   139 | D:1      | Reached skill level 4 in Axes
   146 | D:1      | Reached XP level 2. HP: 25/25 MP: 1/1
   938 | D:2      | Reached skill level 1 in Armour
  1071 | D:2      | Reached XP level 3. HP: 21/30 MP: 2/2
  1260 | D:2      | Noticed Jessica
  1265 | D:2      | Killed Jessica
  1265 | D:2      | Reached XP level 4. HP: 38/38 MP: 3/3
  1285 | D:2      | Reached skill level 5 in Axes
  1954 | D:3      | Reached XP level 5. HP: 35/45 MP: 4/4
  2625 | D:4      | Found Wuanomp's General Store.
  2737 | D:4      | Found a hazy altar of Hepliaklqana.
  2961 | D:4      | Found a staircase to the Ecumenical Temple.
  2993 | Temple   | Entered the Ecumenical Temple
  3139 | Temple   | Became a worshipper of Warmaster Okawaru
  3361 | D:4      | Reached skill level 6 in Axes
  3361 | D:4      | Reached XP level 6. HP: 52/52 MP: 5/5
  3404 | D:4      | Found a faded altar of an unknown god.
  3404 | D:4      | Found a faded altar of an unknown god.
  3409 | D:4      | Found a faded altar of an unknown god.
  3411 | D:4      | Found a snail-covered altar of Cheibriados.
  3413 | D:4      | Found a deep blue altar of Sif Muna.
  3794 | D:4      | Reached skill level 1 in Invocations
  3916 | D:5      | Entered Level 5 of the Dungeon
  4201 | D:5      | Found a sacrificial altar of Ru.
  4532 | D:5      | Reached skill level 5 in Dodging
  4532 | D:5      | Reached XP level 7. HP: 21/60 MP: 7/7
  4976 | D:6      | Found a sand-covered staircase.
  4978 | D:6      | Reached skill level 7 in Axes
  5068 | Ossuary  | Entered an ossuary
  5179 | Ossuary  | Reached * piety under Okawaru
  5203 | Ossuary  | Reached skill level 5 in Fighting
  5507 | D:6      | Gained mutation: You are partially covered in icy blue scales. (AC +2) [potion of mutation]
  5507 | D:6      | Gained mutation: Your system is resistant to poisons. (rPois) [potion of mutation]
  5507 | D:6      | Gained mutation: Armour fits poorly on your strangely shaped body. [potion of mutation]
  5573 | D:6      | Found a glowing golden altar of the Shining One.
  5613 | D:6      | Reached XP level 8. HP: 68/68 MP: 8/8
  5638 | D:6      | Reached skill level 8 in Axes
  5882 | D:6      | Reached ** piety under Okawaru
  6744 | D:7      | Reached skill level 9 in Axes
  6781 | D:7      | Reached skill level 5 in Armour
  6790 | D:7      | Found a burning altar of Makhleb.
  6790 | D:7      | Noticed a blizzard demon
  6793 | D:7      | Noticed a smoke demon
  7033 | D:7      | Found a runed door.
  7077 | D:7      | Noticed Firecrotchwizard's ghost (novice MiFi)
  7086 | D:7      | Reached *** piety under Okawaru
  7086 | D:7      | Reached XP level 9. HP: 75/75 MP: 10/10
  7747 | D:7      | Identified a scroll of acquirement
  7748 | D:7      | Got an ivory executioner's axe
  7749 | D:7      | Identified the +4 executioner's axe of the Endless March {holy, Dex+2} (You acquired it on level 7 of the Dungeon)
  7810 | D:7      | Killed Firecrotchwizard's ghost
  7810 | D:7      | Reached skill level 10 in Axes
  8169 | D:7      | Noticed Crazy Yiuf
  8171 | D:7      | Killed Crazy Yiuf
  8294 | D:8      | Found Onus Sau's Gadget Shop.
  8408 | D:8      | Found Tuymn's Antique Armour Boutique.
  8536 | D:8      | Reached **** piety under Okawaru
  8741 | D:8      | Reached skill level 5 in Invocations
  8741 | D:8      | Reached XP level 10. HP: 65/86 MP: 12/12
  8873 | D:9      | Reached skill level 11 in Axes
  8881 | D:9      | Reached ***** piety under Okawaru
  9604 | D:9      | Found a sacrificial altar of Ru.
  9781 | D:9      | Reached skill level 12 in Axes
 10136 | D:10     | Entered Level 10 of the Dungeon
 10136 | D:10     | Noticed a deep elf mage
 10352 | D:10     | Killed a deep elf mage
 10366 | D:10     | Found a staircase to the Orcish Mines.
 10383 | D:10     | Noticed Joseph
 10388 | D:10     | Noticed a four-headed hydra
 10414 | D:10     | Killed a one-headed hydra
 10414 | D:10     | Received a gift from Okawaru
 10421 | D:10     | Killed Joseph
 10421 | D:10     | Received a gift from Okawaru
 10421 | D:10     | Reached XP level 11. HP: 39/95 MP: 13/13
 10849 | D:10     | Noticed an orc knight
 10856 | D:10     | Reached ****** piety under Okawaru
 11157 | D:10     | Killed an unseen horror
 11157 | D:10     | Reached skill level 13 in Axes
 11192 | D:10     | Received a gift from Okawaru
 11368 | D:10     | Killed an orc knight
 11645 | D:10     | Found a staircase to the Lair.
 12139 | D:10     | Noticed an orc knight
 12272 | D:10     | Noticed an orc sorcerer
 12312 | D:10     | Killed an orc sorcerer
 12312 | D:10     | Reached skill level 14 in Axes
 12316 | D:10     | Noticed an orc knight
 12845 | Lair:1   | Entered Level 1 of the Lair of Beasts
 12946 | D:10     | Killed an orc knight
 12946 | D:10     | Reached skill level 10 in Fighting
 13477 | Lair:1   | Reached skill level 10 in Dodging
 14008 | Lair:2   | Reached XP level 12. HP: 106/106 MP: 14/14
 14017 | Lair:2   | Received a gift from Okawaru
 14017 | Lair:2   | Reached skill level 10 in Armour
 14186 | Lair:2   | Gained mutation: Your muscles are strong. (Str +2) [potion of beneficial mutation]
 16104 | Lair:2   | Noticed Urug
 16113 | Lair:2   | Killed Urug
 16113 | Lair:2   | Reached skill level 15 in Axes
 16466 | Lair:2   | Received a gift from Okawaru
 16722 | Lair:2   | Found a staircase to the Swamp.
 16890 | Lair:3   | Lost mutation: Armour fits poorly on your strangely shaped body. [potion of cure mutation]
 16890 | Lair:3   | Lost mutation: Your muscles are strong. (Str +2) [potion of cure mutation]
 16890 | Lair:3   | Lost mutation: Your system is resistant to poisons. (rPois) [potion of cure mutation]
 16890 | Lair:3   | Lost mutation: You are partially covered in icy blue scales. (AC +2) [potion of cure mutation]
 17952 | Lair:4   | Found a staircase to the Snake Pit.
 18111 | Lair:4   | Got a pair of ichor-stained gloves
 18122 | Lair:4   | Identified the cursed -5 pair of gloves "Buocyeg" {rPois SInv} (You found it on level 4 of the Lair of Beasts)
 18862 | Lair:5   | Found a labyrinth entrance.
 18881 | Lab      | Entered a labyrinth
 19256 | Lab      | Noticed a minotaur
 19261 | Lab      | Killed a minotaur
 19268 | Lab      | Identified Meexexora's Collected Works on Assistive Dislocation
 19310 | Lair:5   | Identified a +1 pair of boots of running (You found it in a labyrinth)
 19499 | Lair:5   | Received a gift from Okawaru
 19500 | Lair:5   | Noticed Josephine
 19506 | Lair:5   | Killed Josephine
 19508 | Lair:5   | Noticed a death yak
 19518 | Lair:5   | Found a staircase to the Slime Pits.
 19519 | Lair:5   | Found a viscous altar of Jiyva.
 19519 | Lair:5   | Noticed a death yak
 19519 | Lair:5   | Noticed a death yak
 19545 | Lair:4   | Killed a death yak
 19545 | Lair:4   | Reached skill level 16 in Axes
 19545 | Lair:4   | Reached XP level 13. HP: 54/116 MP: 12/15
 20394 | Lair:5   | Received a gift from Okawaru
 20395 | Lair:5   | Got a pair of heavily runed boots {god gift}
 20406 | Lair:5   | Identified the +0 pair of boots "Werav" {Int+4} (Okawaru gifted it to you on level 5 of the Lair of Beasts)
 20481 | Lair:5   | Found a hazy altar of Hepliaklqana.
 20753 | Lair:6   | Entered Level 6 of the Lair of Beasts
 22170 | Lair:5   | Reached skill level 17 in Axes
 22613 | Lair:6   | Received a gift from Okawaru
 23194 | Lair:6   | Reached XP level 14. HP: 125/127 MP: 16/16
 23296 | Lair:6   | Received a gift from Okawaru
 23334 | Lair:6   | Got a topaz-encrusted plate armour
 23345 | Lair:6   | Identified the +9 plate armour of Relix {Regen+ MP-9 Int-3 Stlth+} (You found it on level 6 of the Lair of Beasts)
 23484 | Lair:6   | Noticed Kirke
 23512 | Lair:6   | Reached skill level 18 in Axes
 23539 | Lair:6   | Killed Kirke
 24054 | D:11     | Found Goc Ut Timm's Distillery.
 24080 | D:11     | Bought a potion of degeneration for 16 gold pieces
 24150 | D:11     | Noticed Fannar
 24171 | D:11     | Killed Fannar
 25054 | D:12     | Received a gift from Okawaru
 26411 | D:14     | Reached skill level 19 in Axes
 26429 | D:14     | Reached XP level 15. HP: 77/137 MP: 8/17
 26534 | D:14     | Noticed a frost giant
 26542 | D:14     | Received a gift from Okawaru
 26545 | D:14     | Killed a frost giant
 27094 | D:15     | Entered Level 15 of the Dungeon
 27813 | D:14     | Found a gate to the Vaults.
 28087 | D:14     | Found a basalt altar of Yredelemnul.
 28532 | D:15     | Received a gift from Okawaru
 28626 | D:15     | Got a brightly glowing war axe
 28627 | D:15     | Identified the +2 war axe of Epnogav {pain, +Fly Int+4} (You found it on level 15 of the Dungeon)
 29066 | D:15     | Noticed Sonja
 29078 | D:15     | Killed Sonja
 29239 | D:15     | Reached skill level 5 in Throwing
 29274 | D:15     | Found a staircase to the Depths.
 29549 | Depths:1 | Entered Level 1 of the Depths
 29549 | Depths:1 | Noticed a fire giant
 29650 | D:15     | Killed a fire giant
 29716 | D:15     | Reached skill level 15 in Armour
 29797 | D:15     | Reached XP level 16. HP: 130/147 MP: 9/18
 29861 | Depths:1 | HP: 6/147 [hell knight/glaive of distortion (9)]
 30077 | D:15     | Reached skill level 15 in Fighting
 30222 | Swamp:1  | Entered Level 1 of the Swamp
 30609 | Swamp:1  | Received a gift from Okawaru
 31142 | Orc:1    | Entered Level 1 of the Orcish Mines
 31142 | Orc:1    | Found Waewonoq's Magic Scroll Boutique.
 31152 | Orc:1    | Bought a scroll of fear for 38 gold pieces
 31390 | Orc:1    | Found Esmifa's Distillery.
 31508 | Orc:1    | Found a runed door.
 31640 | Orc:1    | Noticed Erica
 31645 | Orc:1    | Killed Erica
 31686 | Orc:1    | Found a roughly hewn altar of Beogh.
 31756 | Orc:2    | Entered Level 2 of the Orcish Mines
 31790 | Orc:2    | Noticed Rupert
 31798 | Orc:2    | Killed Rupert
 31888 | Orc:2    | Found a gateway to a bazaar.
 31996 | Orc:2    | Cast into level 1 of the Abyss (orc warrior)
 32122 | Abyss:1  | Reached skill level 1 in Evocations
 32380 | Abyss:1  | Found a deep blue altar of Sif Muna.
 32517 | Abyss:1  | Noticed a bone dragon
 32532 | Abyss:1  | Killed a bone dragon
 32598 | Abyss:1  | Gained mutation: You are frail. (-10% HP) [a cacodemon]
 32602 | Abyss:1  | Gained mutation: You are clumsy. (Dex -2) [a cacodemon]
 32605 | Abyss:1  | Reached skill level 20 in Axes
 32612 | Orc:2    | Escaped the Abyss
 32644 | Orc:2    | Found Reer Ene's General Store.
 32895 | Orc:2    | Found a staircase to the Elven Halls.
 33154 | Orc:2    | Found Imnal's Magic Scroll Emporium.
 33412 | Orc:2    | Received a gift from Okawaru
 33619 | Orc:2    | Found Toboenack's Gadget Shop.
 33619 | Orc:2    | Found Meokh's Antique Armour Boutique.
 33619 | Orc:2    | Found a one-way gate leading to the halls of Pandemonium.
 33672 | Elf:1    | Entered Level 1 of the Elven Halls
 33734 | Elf:1    | Received a gift from Okawaru
 33890 | Elf:1    | Noticed a Hell Sentinel
 33906 | Elf:1    | Reached XP level 17. HP: 86/142 MP: 10/19
 34483 | Lair:4   | Got a faintly glowing war axe
 34484 | Lair:4   | Identified the +11 war axe of Optimality {flame, +Inv rF+ Str+6 Int-5} (You found it on level 4 of the Lair of Beasts)
 34536 | Lair:6   | Got a ripped robe {god gift}
 34547 | Lair:6   | Identified the +2 robe of Daisies {*Corrode rPois MR++ Regen+} (Okawaru gifted it to you on level 6 of the Lair of Beasts)
 34780 | Elf:1    | Noticed Nikola
 34988 | Elf:1    | Killed Nikola
 36399 | Elf:2    | Reached skill level 5 in Evocations
 36430 | Elf:2    | Found a runed gate.
 36431 | Elf:2    | Found a runed gate.
 36433 | Elf:2    | Found a runed gate.
 36568 | Elf:2    | Received a gift from Okawaru
 36979 | Elf:3    | Entered Level 3 of the Elven Halls
 37038 | Elf:3    | HP: 7/142 [soul eater[a deep elf mage] (15)]
 37038 | Elf:3    | Killed from afar by a smoke demon

Skill      XL: |  1  2  3  4  5  6  7  8  9 10 11 12 13 14 15 16 17 |
---------------+----------------------------------------------------+-----
Axes           | 4 5 6 7 9 10 12 14 16 17 19 20 | 20.4
Armour         | 1 2 3 4 5 6 8 9 11 12 13 15 16 | 16.6
Fighting       | 3 4 5 6 7 8 10 11 12 13 14 15 16 | 16.3
Dodging        | 4 5 6 7 8 10 11 12 13 14 | 14.3
Invocations    | 1 2 3 5 |  5.6
Throwing       | 5 7 8 |  8.7
Evocations     | 3 5 |  5.1

Action                   |  1- 3 |  4- 6 |  7- 9 | 10-12 | 13-15 | 16-18 || total
-------------------------+-------+-------+-------+-------+-------+-------++-------
Melee: War axe           |    67 |   155 |   240 |       |       |       ||   462
       Headbutt          |     2 |    32 |    57 |   123 |   237 |   151 ||   602
       Executioner's axe |       |       |    56 |   493 |   979 |   661 ||  2189
       Hand axe          |       |       |       |     6 |    13 |       ||    19
       Battleaxe         |       |       |       |    12 |    15 |       ||    27
       Broad axe         |       |       |       |       |       |     2 ||     2
Throw: Throwing net      |       |       |       |       |       |     2 ||     2
       Javelin           |       |       |       |       |       |     4 ||     4
Invok: Heroism           |       |       |       |     9 |    10 |     4 ||    23
       Finesse           |       |       |       |       |     1 |     1 ||     2
  Use: Scroll            |     2 |     1 |    11 |     7 |     2 |    11 ||    34
       Potion            |     2 |       |     6 |     4 |     1 |     1 ||    14
 Stab: Distracted        |       |       |       |       |     1 |       ||     1
  Eat: Chunk             |     1 |    10 |    10 |    34 |    34 |    20 ||   109
       Beef jerky        |       |       |     2 |       |       |       ||     2
       Fruit             |       |       |     1 |     6 |       |       ||     7
       Pizza             |       |       |       |     1 |       |     1 ||     2
Armor: Leather armour    |    10 |       |       |       |       |       ||    10
       Chain mail        |    17 |       |       |   239 |   132 |       ||   388
       Ring mail         |     6 |    59 |    86 |    25 |       |       ||   176
       Plate armour      |       |       |       |       |   519 |   238 ||   757
       Robe              |       |       |       |       |       |    51 ||    51
Dodge: Dodged            |    42 |   128 |   224 |   396 |   786 |   472 ||  2048
